 Dungeon Crawl Stone Soup version 0.20.0-15-g7f486f2 (webtiles) character file.

351609 glosham the Phalangite (level 21, -1/205 (206) HPs)
             Began as a Minotaur Conjurer on June 15, 2017.
             Was the Champion of Trog.
             Splashed by an acid blob's acid (5 damage)
             ... on level 5 of the Pits of Slime on June 16, 2017.
             The game lasted 11:20:05 (39104 turns).

glosham the Phalangite (Minotaur Conjurer)         Turns: 39104, Time: 11:20:05

HP:   -1/205 (206)  AC:  3    Str: 26    XL:     21   Next: 29%
MP:   0/22          EV: 32    Int: 12    God:    Trog [******]
Gold: 2325          SH:  0    Dex: 24    Spells: 21/22 levels left

rFire    + + +     SeeInvis +   a - +6 bardiche "Cunie" {chop, rF+++ MR++ Int-4 SInv}
rCold    + . .     Gourm    +   (shield currently unavailable)
rNeg     + . .     Faith    .   S - +0 acid dragon scales
rPois    +         Spirit   +   U - +2 hat of the Bear Spirit {Spirit, +Rage rN+ MR++}
rElec    .         Reflect  .   Y - +2 cloak {+Inv}
rCorr    +         Harm     .   V - +2 pair of gloves {Str+3}
MR       +++++                  W - +2 pair of boots of the Locust {rPois Dex+6 SInv}
Stlth    ++++++....             z - amulet of Doeqet Ymes {Gourm Str+2 Int+4}
Regen    0.0/turn               A - +3 ring of slaying
MPRegen  0.2/turn               B - ring of protection from cold

@: agile, corroded, very slightly contaminated, non-regenerating, diseased,
hasted, very quick
A: retaliatory headbutt, horns 2, screaming 1
}: 2/15 runes: decaying, gossamer
a: Berserk, Trog's Hand, Brothers in Arms, Burn Spellbooks, Renounce Religion,
Evoke Berserk Rage, Evoke Invisibility


You were on level 5 of the Pits of Slime.
You worshipped Trog.
Trog was exalted by your worship.
You were not hungry.

You visited 11 branches of the dungeon, and saw 48 of its levels.
You also visited: Labyrinth, Sewer, Bailey and Wizlab.

You collected 4780 gold pieces.
You spent 2455 gold pieces at shops.

Inventory:

Hand Weapons
 a - the +6 bardiche "Cunie" (weapon) {chop, rF+++ MR++ Int-4 SInv}
   (You found it in a labyrinth)

   It inflicts extra damage upon your enemies.
   It affects your intelligence (-4).
   It renders you almost immune to fire.
   It affects your resistance to hostile enchantments.
   It lets you see invisible.
 b - a +7 longbow of freezing
 c - a +4 longbow of flaming
 d - a +3 longbow of venom
 e - a +5 antimagic glaive
Missiles
 E - 1208 arrows
Armour
 S - +0 acid dragon scales (worn)
 U - the +2 hat of the Bear Spirit (worn) {Spirit, +Rage rN+ MR++}
   (You bought it in a shop on level 7 of the Dungeon)

   It protects you from negative energy.
   It affects your resistance to hostile enchantments.
   It lets you go berserk.
 V - a +2 pair of gloves of strength (worn)
 W - the +2 pair of boots of the Locust (worn) {rPois Dex+6 SInv}
   (You bought it in a shop on level 7 of the Dungeon)

   It affects your dexterity (+6).
   It protects you from poison.
   It lets you see invisible.
 Y - a +2 cloak of invisibility (worn)
Jewellery
 z - the amulet of Doeqet Ymes (around neck) {Gourm Str+2 Int+4}
   (You found it on level 1 of the Elven Halls)

   [amulet of the gourmand]

   It allows you to eat raw meat even when not hungry.
   It affects your strength (+2).
   It affects your intelligence (+4).
 A - a +3 ring of slaying (left hand)
 B - a ring of protection from cold (right hand)
 N - an uncursed ring of positive energy
Wands
 g - a wand of digging (14/24)
Scrolls
 h - 6 scrolls of immolation
 k - 14 scrolls of teleportation
 l - 2 scrolls of blinking
 m - 15 scrolls of fog
 n - 3 scrolls of fear
 o - 12 scrolls of remove curse
 p - 12 scrolls of identify
 q - 4 scrolls of recharging
Potions
 i - 5 potions of cancellation
 j - 5 potions of ambrosia
 r - 6 potions of heal wounds
 s - 20 potions of curing
 t - 4 potions of resistance
 u - 2 potions of haste
 v - 2 potions of invisibility
 w - 3 potions of flight
 x - 3 potions of agility
 y - 3 potions of might
 D - 5 potions of lignification
Comestibles
 f - 21 bread rations
 M - 2 meat rations


   Skills:
 * Level 21.7 Fighting
   Level 4.7(18.6) Axes
 * Level 26.2(26.3) Polearms
 - Level 20.6 Bows
 - Level 16.0 Armour
 - Level 15.1 Dodging
 - Level 11.7 Stealth
 - Level 1.3 Spellcasting
 - Level 2.9 Conjurations


You had 21 spell levels left.
You knew the following spells:

 Your Spells              Type           Power        Failure   Level  Hunger
Q - Magic Dart            Conj           #...         10%         1    ##.....


Dungeon Overview and Level Annotations

Branches:
Dungeon (15/15)            Temple (1/1) D:5            Lair (6/6) D:8
  Swamp (4/4) Lair:2       Spider (4/4) Lair:2        Slime (5/5) Lair:5
    Orc (2/2) D:12            Elf (2/3) Orc:2        Vaults (2/5) D:13
  Crypt (2/3) Vaults:2     Depths (5/5) D:15            Zot (0/5) Depths:5

Altars:
Ashenzari
Cheibriados
Dithmenos
Elyvilon
Fedhas
Gozag
Hepliaklqana
Kikubaaqudgha
Makhleb
Nemelex Xobeh
Okawaru
Qazlal
Ru
Sif Muna
Trog
Uskayaw
Vehumet
Xom
Yredelemnul
Zin
The Shining One
Beogh
Jiyva

Shops:
D:7 **[:[   D:8 [   D:9 [   Orc:2 [:(   Vaults:2 ?

Portals:
Hell: Depths:1 Depths:5
Pandemonium: Depths:3
Trove: D:14 (give +5 demon whip)

Annotations:
Slime:5 Royal Jelly
Elf:2 3 runed doors


Innate Abilities, Weirdness & Mutations

You reflexively headbutt those who attack you in melee.
You have a pair of horns on your head.
You occasionally shout uncontrollably at your foes.


Message History

The acid blob is almost dead.
You hear an explosion! x2
The fiery explosion engulfs the acid blob.
The acid blob explodes!
You hear an explosion! x2
Trog accepts your kill.
You feel a bit more experienced. Trog accepts your kill.
You feel a bit more experienced.
The death ooze is engulfed in blazing flames.
The death ooze explodes!
The fiery explosion engulfs the death ooze.
The death ooze is moderately damaged.
Unknown command.
Unknown command.
Okay, then.
Saving game... please wait.
Level annotation: Royal Jelly Welcome back, glosham the Minotaur Conjurer.
Trog says: Kill them all!
Press ? for a list of commands and other information.
Adjust (i)tems, (s)pells, or (a)bilities?
Adjust which ability?
No such ability.
You feel yourself speed up.
The azure jelly is engulfed in blazing flames.
The death ooze is engulfed in blazing flames.
The acid blob is engulfed in blazing flames.
Okay, then.
The azure jelly is engulfed in blazing flames.
A death ooze comes into view.
The death ooze jiggles.
A slime creature comes into view.
An acid blob comes into view.
The acid blob quivers.
The acid blob spits acid at you. The splash of acid hits you! You resist.
* * * LOW HITPOINT WARNING * * *
The acid corrodes you!
You are splashed with acid!
The acid burns!
You resist.
You die...

#..................#
##....J..J..........
##.................
##................
#.#..............
##...............
##..............
##..............
#......@........
##..............
##.#...........
##............
####.........
##.......J #.#......
.##...J


You could see an acid blob, an azure jelly and a death ooze (inner flame).

Vanquished Creatures
  Mara (Crypt:1)
  The ghost of PeterLawrence the Slayer, an adept MiFi of Okawaru (WizLab)
  A golden dragon (Depths:5)
  A bone dragon (Depths:5)
  A Hellbinder (WizLab)
  Arachne (Spider:4)
  A lich (Depths:5)
  Rupert (D:12)
  8 acid blobs
  An ancient champion (Crypt:1)
  Frances (D:12)
  Kirke (Spider:3)
  A shadow dragon (Depths:5)
  Roxanne (Spider:4)
  A storm dragon (Depths:5)
  2 thorn hunters (Swamp:4)
  Donald (Spider:4)
  A tengu reaver (Depths:1)
  A revenant (Crypt:2)
  7 azure jellies
  A draconian monk (Depths:5)
  2 fire giants (Depths:5)
  5 frost giants
  A deep elf sorcerer (Depths:5)
  2 balrugs (WizLab)
  A cacodemon (WizLab)
  4 ghost moths (Spider:4)
  The ghost of Scuka the Brawler, a journeyman TrHu of Okawaru (Orc:1)
  3 ghouls (Crypt:1)
  An orc warlord (Orc:2)
  A curse skull (Crypt:2)
  4 emperor scorpions (Spider:4)
  A draconian shifter (Depths:5)
  An ironheart preserver (Vaults:2)
  2 entropy weavers (Spider:3)
  6 very ugly things
  3 vampire knights (Depths:1)
  Nessos (D:14)
  A black draconian (Depths:5)
  3 stone giants
  A deep elf demonologist (Elf:1)
  A green draconian (Depths:5)
  A white draconian (Depths:5)
  A yellow draconian (Depths:5)
  6 dire elephants (Lair:6)
  2 purple draconians (Depths:5)
  5 spark wasps
  A red draconian (Depths:5)
  A merfolk javelineer (Depths:1)
  Snorg (Lair:5)
  3 eidola
  A quicksilver dragon zombie (Crypt:1)
  4 ettins
  The ghost of Exporg the Basher, a journeyman FoFi of the Shining One (D:12)
  A jiangshi (Crypt:1)
  5 death oozes
  A minotaur (Lab)
  8 great orbs of eyes
  4 deep elf death magi
  21 hydras
  A green death (WizLab)
  3 yaktaur captains (Depths:5)
  6 fire dragons
  2 deep elf high priests
  A hell beast (WizLab)
  2 ice dragons
  2 rakshasas (Depths:1)
  6 centaur warriors
  3 death knights
  An anaconda (Lair:6)
  7 deep troll earth magi
  2 deep troll shamans (Depths:5)
  2 ogre magi
  7 two-headed ogres
  5 alligators
  23 dancing weapons
  3 vampire magi
  12 death yaks
  Urug (Lair:5)
  Nergalle (Lair:4)
  5 orc high priests
  2 tengu warriors
  4 spriggan berserkers
  Sonja (D:13)
  9 deep elf knights
  3 soul eaters (WizLab)
  2 sun demons (WizLab)
  A hell knight (Depths:5)
  A titan skeleton (Crypt:1)
  4 unseen horrors
  A shadow wraith (Crypt:2)
  11 skeletal warriors
  2 salamander mystics (Depths:1)
  An iron troll (Depths:5)
  2 spriggan druids (Swamp:2)
  6 deep trolls
  3 wizards
  A flayed ghost (Crypt:2)
  10 swamp dragons
  15 orc knights
  A shambling mangrove (Swamp:4)
  14 deep elf archers
  2 glowing orange brains
  A sphinx zombie (Crypt:1)
  17 orb spiders
  4 ironbrand convokers
  A lindwurm (shapeshifter) (D:13)
  4 phantasmal warriors
  5 necromancers
  A harpy (Vaults:1)
  4 shining eyes
  2 oklob plants (Lair:4)
  An anaconda skeleton (Crypt:1)
  44 deep elf magi
  5 cyclopes
  19 ugly things
  6 orc sorcerers
  A salamander (shapeshifter) (D:13)
  7 salamanders (Depths:1)
  18 wolf spiders
  Maurice (D:13)
  A frost giant skeleton (Crypt:1)
  A moth of wrath (Spider:1)
  4 centaur zombies
  A naga mage (D:15)
  A rust devil (WizLab)
  A black mamba (shapeshifter) (D:15)
  2 black mambas
  21 elephants
  2 molten gargoyles (D:13)
  6 vault sentinels
  A spiny frog (shapeshifter) (D:13)
  A hellion (WizLab)
  9 spiny frogs
  3 torpor snails
  An eye of devastation (Slime:4)
  An orange demon (WizLab)
  2 centaur skeletons
  8 freezing wraiths
  7 komodo dragons
  7 demonic crawlers
  5 kobold demonologists
  A komodo dragon (shapeshifter) (Depths:1)
  26 yaktaurs
  A rime drake (Lair:5)
  3 ice devils (WizLab)
  A tengu conjurer (Depths:3)
  30 jumping spiders
  A yaktaur skeleton (Depths:1)
  A queen bee (D:12)
  2 jumping spiders (shapeshifter)
  14 trolls
  3 meliai (D:12)
  17 hornets
  3 tyrant leeches
  A polar bear (Vaults:1)
  A raiju (shapeshifter) (Vaults:1)
  A minotaur skeleton (Lab)
  5 bog bodies
  A blink frog (shapeshifter) (Depths:1)
  An ice dragon zombie (Crypt:1)
  11 blink frogs
  52 slime creatures
  A human simulacrum (Vaults:2)
  8 hippogriffs
  A centaur simulacrum (D:15)
  5 dream sheep (Lair:6)
  2 spriggan skeletons (Depths:1)
  3 water elementals (Elf:1)
  2 spriggans (Swamp:2)
  62 redbacks
  A tarantella (shapeshifter) (Elf:2)
  19 tarantellas
  4 wyverns
  8 wraiths
  3 shadows
  2 vampires
  A dire elephant simulacrum (Crypt:1)
  2 ice dragon skeletons (Crypt:1)
  A ynoxinul (WizLab)
  4 fire elementals
  A human (D:8)
  27 yaks
  4 hogs
  A tyrant leech zombie (Crypt:2)
  25 vampire mosquitoes
  2 hungry ghosts
  5 basilisks
  7 wargs
  A gelid demonspawn zombie (Crypt:1)
  3 insubstantial wisps (Swamp:2)
  An acid dragon (shapeshifter) (Vaults:1)
  3 acid dragons
  18 swamp worms
  A deep troll skeleton (Crypt:2)
  A soldier ant (shapeshifter) (Depths:5)
  Duvessa (D:7)
  13 swamp drakes
  10 water moccasins
  A faun skeleton (Crypt:2)
  73 orc warriors
  6 porcupines
  6 sky beasts
  8 ice beasts
  A phantom (D:12)
  5 black bears
  A hornet zombie (D:15)
  2 necrophages
  22 ogres
  7 boggarts
  An elephant zombie (Crypt:1)
  5 eyes of draining
  8 wolves
  13 centaurs
  A blink frog skeleton (Crypt:1)
  An elephant skeleton (Crypt:1)
  6 big kobolds
  7 crocodiles
  13 bullfrogs
  A wyvern zombie (Crypt:2)
  An earth elemental (Elf:2)
  Dowan (D:7)
  3 scorpions
  26 killer bees
  4 electric eels
  16 wights
  5 crimson imps
  5 howler monkeys
  3 bullfrog zombies
  A quasit (D:13)
  A demonspawn zombie (Crypt:2)
  2 jellies
  5 lava snakes (D:13)
  A soldier ant zombie (Crypt:1)
  9 hounds
  Crazy Yiuf (D:3)
  38 orc priests
  5 bullfrog skeletons
  Jessica (D:2)
  20 orc wizards
  6 iguanas
  9 worker ants
  A troll simulacrum (Crypt:1)
  2 hound zombies
  A hound skeleton (D:5)
  3 worker ant zombies
  Robin (D:3)
  4 gnolls
  2 river rats (Sewer)
  12 adders
  4 shadow imps
  A white imp (Depths:3)
  8 oozes
  2 adder zombies
  An adder skeleton (D:8)
  21 worms
  A barachi zombie (Crypt:2)
  2 dart slugs
  4 leopard geckos
  177 orcs
  4 bats
  11 giant cockroaches
  18 goblins
  11 hobgoblins
  4 jackals (D:5)
  28 kobolds
  6 quokkas
  5 ball pythons
  A ball python skeleton (Crypt:2)
  6 frilled lizards
  A jackal skeleton (D:4)
  A leopard gecko skeleton (Crypt:2)
  17 rats
  A fungus (Lair:5)
  22 plants
1727 creatures vanquished.

Vanquished Creatures (collateral kills)
  A reaper (WizLab)
  2 dancing weapons (Elf:2)
  A deep elf knight (Elf:2)
  A deep elf mage (Elf:1)
  3 spiny frogs (Lair:1)
  A komodo dragon (Lair:1)
  An air elemental (Elf:1)
  A crocodile (Lair:1)
  An orc (D:5)
12 creatures vanquished.

Vanquished Creatures (others)
  A human (Spider:3)
  A fungus (Lair:3)
  A plant (Spider:1)
3 creatures vanquished.

Grand Total: 1742 creatures vanquished

Notes
Turn   | Place    | Note
-------+----------+-------------------------------------------
     0 | D:1      | glosham the Minotaur Conjurer began the quest for the Orb.
     0 | D:1      | Reached XP level 1. HP: 14/14 MP: 1/1
    82 | D:2      | Reached skill level 1 in Fighting
   414 | D:2      | Reached skill level 2 in Fighting
   414 | D:2      | Reached XP level 2. HP: 21/24 MP: 0/3
   825 | D:1      | Reached skill level 3 in Fighting
   904 | D:1      | Reached XP level 3. HP: 25/31 MP: 0/4
  1142 | D:2      | Noticed Jessica
  1152 | D:2      | Killed Jessica
  1152 | D:2      | Reached skill level 4 in Fighting
  1292 | D:2      | Reached XP level 4. HP: 41/41 MP: 0/5
  1763 | D:3      | Reached skill level 5 in Fighting
  2027 | D:3      | Reached XP level 5. HP: 40/50 MP: 4/6
  2205 | D:4      | Noticed an ice beast
  2279 | D:4      | Noticed Robin
  2385 | D:4      | Reached skill level 6 in Fighting
  2391 | D:4      | HP: 5/50 [orc priest/nerve-wracking pain (9)]
  2441 | D:4      | Reached skill level 7 in Fighting
  2473 | D:4      | Found a glowing drain.
  2514 | Sewer    | Entered a sewer
  2564 | Sewer    | Reached XP level 6. HP: 50/60 MP: 5/7
  3081 | Sewer    | Reached skill level 8 in Fighting
  3254 | D:4      | Reached XP level 7. HP: 51/69 MP: 5/8
  3480 | D:4      | Reached skill level 9 in Fighting
  3589 | D:3      | Killed Robin
  3863 | D:5      | Entered Level 5 of the Dungeon
  3952 | D:4      | Identified a scroll of acquirement
  4042 | D:5      | Reached skill level 10 in Fighting
  4203 | D:5      | Found a staircase to the Ecumenical Temple.
  4232 | D:5      | HP: 2/73 [ice beast (11)]
  4233 | D:5      | Reached XP level 8. HP: 3/81 MP: 9/9
  4239 | Temple   | Entered the Ecumenical Temple
  4247 | Temple   | Became a worshipper of Trog the Wrathful
  4321 | D:5      | HP: 6/81 [worker ant (6)]
  4322 | D:5      | Reached skill level 11 in Fighting
  4326 | D:5      | HP: 3/82 [poisoned by a worker ant]
  4332 | D:5      | HP: 1/82 [poisoned by a worker ant]
  4793 | D:6      | Reached skill level 1 in Armour
  4843 | D:6      | Reached skill level 2 in Armour
  4848 | D:6      | Reached skill level 3 in Armour
  4857 | D:6      | Reached skill level 4 in Armour
  4932 | D:6      | Reached skill level 5 in Armour
  5021 | D:6      | Found a shattered altar of Ashenzari.
  5406 | D:6      | Reached * piety under Trog
  5430 | D:6      | HP: 8/83 [poisoned by a killer bee]
  5435 | D:6      | HP: 6/83 [poisoned by a killer bee]
  5440 | D:6      | HP: 5/83 [poisoned by a killer bee]
  5448 | D:6      | HP: 5/83 [poisoned by a killer bee]
  5455 | D:5      | HP: 5/83 [poisoned by a killer bee]
  5854 | D:6      | Reached skill level 12 in Fighting
  6099 | D:6      | Reached XP level 9. HP: 85/91 MP: 10/10
  6550 | D:3      | Found a runed door.
  6554 | D:3      | Noticed Crazy Yiuf
  6558 | D:3      | Killed Crazy Yiuf
  7177 | D:6      | Got an ancient chain mail
  7242 | D:7      | Noticed Duvessa
  7242 | D:7      | Noticed Dowan
  7247 | D:7      | Killed Dowan
  7247 | D:7      | Reached skill level 13 in Fighting
  7253 | D:7      | Killed Duvessa
  7349 | D:7      | Found Sostayqu's Antique Armour Shoppe.
  7386 | D:7      | Bought a pair of bloodstained boots for 275 gold pieces
  7398 | D:7      | Identified the +2 pair of boots of the Locust {rPois Dex+6 SInv} (You bought it in a shop on level 7 of the Dungeon)
  7728 | D:7      | Reached ** piety under Trog
  8016 | D:7      | Reached skill level 14 in Fighting
  8224 | D:7      | Got a crude leather armour
  8277 | D:7      | Found Tetes's Assorted Antiques.
  8278 | D:7      | Found Taed's Antique Armour Emporium.
  8285 | D:7      | Bought a scroll labeled UTIJYSM UTSO for 18 gold pieces
  8297 | D:7      | Identified the cursed +1 chain mail of Mental Paralysis {rElec Str+6 Int-2 Dex+4} (You found it on level 6 of the Dungeon)
  8315 | D:7      | Found Puivyj's General Store.
  8478 | D:7      | Found Meulez's Book Shoppe.
  8673 | D:7      | Bought a runed cloak for 135 gold pieces
  8685 | D:7      | Bought a black potion for 16 gold pieces
  8749 | D:8      | Reached skill level 15 in Fighting
  8981 | D:8      | Reached XP level 10. HP: 105/105 MP: 11/11
  8993 | D:8      | Reached *** piety under Trog
  9099 | D:8      | Found a white marble altar of Elyvilon.
  9239 | D:8      | Found Gupsue's Antique Armour Shoppe.
  9282 | D:8      | Reached skill level 3 in Dodging
  9313 | D:8      | Found a staircase to the Lair.
  9343 | Lair:1   | Entered Level 1 of the Lair of Beasts
  9378 | Lair:1   | Noticed a spiny frog
  9395 | Lair:1   | Killed a spiny frog
  9395 | Lair:1   | Reached skill level 4 in Dodging
  9472 | Lair:1   | Noticed an eight-headed hydra
  9481 | Lair:1   | Killed an eight-headed hydra
  9481 | Lair:1   | Reached skill level 6 in Dodging
  9523 | Lair:1   | Noticed a spiny frog
  9529 | Lair:1   | Killed a spiny frog
  9529 | Lair:1   | Reached skill level 7 in Dodging
  9536 | Lair:1   | Noticed a spiny frog
  9537 | Lair:1   | Noticed a spiny frog
  9544 | Lair:1   | Killed a spiny frog
  9554 | Lair:1   | Noticed a spiny frog
  9557 | Lair:1   | Killed a spiny frog
  9557 | Lair:1   | Reached skill level 8 in Dodging
  9562 | Lair:1   | Killed a spiny frog
  9630 | Lair:1   | Noticed a spiny frog
  9639 | Lair:1   | Killed a spiny frog
  9639 | Lair:1   | Reached skill level 1 in Bows
  9666 | Lair:1   | Noticed a black mamba
  9672 | Lair:1   | Killed a black mamba
  9672 | Lair:1   | Reached skill level 2 in Bows
  9672 | Lair:1   | Reached XP level 11. HP: 114/114 MP: 12/12
  9739 | Lair:1   | Reached skill level 3 in Bows
  9976 | Lair:2   | Reached skill level 4 in Bows
  9980 | Lair:2   | Found a hole to the Spider Nest.
 10054 | Lair:2   | Reached skill level 5 in Bows
 10056 | Lair:2   | Found a labyrinth entrance.
 10074 | Lab      | Entered a labyrinth
 10216 | Lab      | Noticed a minotaur
 10223 | Lab      | Killed a minotaur
 10223 | Lab      | Reached skill level 6 in Bows
 10225 | Lab      | Got a shimmering scale mail
 10238 | Lab      | Got a slimy bardiche
 10238 | Lab      | Got an encrusted dire flail
 10266 | Lair:2   | Identified the +6 bardiche "Cunie" {chop, rF+++ MR++ Int-4 SInv} (You found it in a labyrinth)
 10267 | Lair:2   | Identified the cursed +1 dire flail "Nushreat" {speed, *Rage Dex+8 Stlth+} (You found it in a labyrinth)
 10500 | Lair:2   | Reached skill level 1 in Polearms
 10506 | Lair:2   | Reached skill level 2 in Polearms
 10576 | Lair:2   | Found a staircase to the Swamp.
 10589 | Lair:2   | Reached skill level 3 in Polearms
 10772 | Lair:2   | Reached **** piety under Trog
 10772 | Lair:2   | Reached skill level 4 in Polearms
 10916 | D:7      | Bought a scroll of fear for 38 gold pieces
 11152 | D:9      | Reached skill level 5 in Polearms
 11297 | D:9      | Found Uchenyce's Armour Boutique.
 11514 | D:9      | Reached skill level 6 in Polearms
 11684 | D:10     | Entered Level 10 of the Dungeon
 11714 | D:10     | Received a gift from Trog
 11913 | D:10     | Noticed an unseen horror
 11916 | D:10     | Killed an unseen horror
 11916 | D:10     | Reached skill level 7 in Polearms
 12085 | D:10     | Reached skill level 8 in Polearms
 12218 | D:10     | Noticed a two-headed ogre
 12227 | D:10     | Killed a two-headed ogre
 12326 | D:8      | Identified the +5 scale mail "Rotej" {rC+ SInv} (You took it off a minotaur in a labyrinth)
 12337 | D:8      | Identified the +3 leather armour "Caggam" {Stlth+} (You took it off an orc priest on level 7 of the Dungeon)
 12537 | D:11     | Reached skill level 9 in Polearms
 13028 | D:11     | Reached ***** piety under Trog
 13037 | D:11     | Got a jewelled long sword {slice}
 13069 | D:11     | Noticed a two-headed ogre
 13076 | D:11     | Killed a two-headed ogre
 13076 | D:11     | Reached skill level 10 in Polearms
 13076 | D:11     | Reached XP level 12. HP: 122/122 MP: 13/13
 13143 | D:11     | Noticed a two-headed ogre
 13150 | D:11     | Killed a two-headed ogre
 13165 | D:11     | Received a gift from Trog
 13245 | D:11     | Reached skill level 11 in Polearms
 13538 | D:11     | Identified the +11 long sword of Sin {slice, MR++ Int+4} (You took it off a big kobold on level 11 of the Dungeon)
 13652 | D:12     | Noticed Frances
 13666 | D:12     | Killed Frances
 13666 | D:12     | Received a gift from Trog
 13666 | D:12     | Reached skill level 12 in Polearms
 13780 | D:12     | Reached skill level 13 in Polearms
 13904 | D:12     | Noticed Exporg's ghost (journeyman FoFi)
 13916 | D:12     | Killed Exporg's ghost
 14191 | D:12     | Reached skill level 14 in Polearms
 14297 | D:12     | Noticed Rupert
 14309 | D:12     | Killed Rupert
 14309 | D:12     | Reached skill level 15 in Polearms
 14349 | D:12     | Found a staircase to the Orcish Mines.
 14353 | D:12     | Reached XP level 13. HP: 120/128 MP: 12/14
 14822 | Orc:1    | Entered Level 1 of the Orcish Mines
 14899 | Orc:2    | Entered Level 2 of the Orcish Mines
 14905 | Orc:2    | Reached skill level 16 in Polearms
 14938 | Orc:2    | Received a gift from Trog
 14973 | Orc:1    | Received a gift from Trog
 15054 | Orc:1    | Found a burning altar of Makhleb.
 15074 | Orc:1    | Noticed Scuka's ghost (journeyman TrHu)
 15087 | Orc:1    | Killed Scuka's ghost
 15224 | Orc:1    | Found a flagged portal.
 15235 | Bailey   | Entered a bailey
 16104 | Orc:1    | Reached skill level 17 in Polearms
 16389 | D:7      | Bought a potion of might for 72 gold pieces
 16389 | D:7      | Bought the +2 hat of the Bear Spirit {Spirit, +Rage rN+ MR++} for 703 gold pieces
 16424 | D:7      | Bought a pair of glowing gloves for 217 gold pieces
 16482 | D:8      | Bought a transparent chain mail for 237 gold pieces
 16518 | D:8      | Identified the +1 chain mail "Tufryren" {rN++} (You bought it in a shop on level 8 of the Dungeon)
 16871 | Orc:2    | Reached ****** piety under Trog
 16967 | Orc:2    | Found a roughly hewn altar of Beogh.
 17093 | Orc:2    | Found Ufootaov's Armour Emporium.
 17120 | Orc:2    | Found Kivoqov's Gadget Shoppe.
 17332 | Orc:2    | Received a gift from Trog
 17355 | Orc:2    | Reached skill level 18 in Polearms
 17561 | Orc:2    | Found a staircase to the Elven Halls.
 17894 | Orc:2    | Noticed an orc warlord
 17910 | Orc:2    | Killed an orc warlord
 18126 | Orc:2    | Found Rufuol's Weapon Shoppe.
 18148 | Orc:2    | Found a roughly hewn altar of Beogh.
 18171 | Orc:2    | Reached XP level 14. HP: 130/136 MP: 13/15
 18172 | Orc:2    | Received a gift from Trog
 18255 | Orc:2    | Found Rant's Book Shop.
 18286 | Orc:2    | Reached skill level 19 in Polearms
 18643 | D:13     | Noticed Sonja
 18659 | D:13     | Killed Sonja
 18716 | D:13     | Noticed Maurice
 18722 | D:13     | Killed Maurice
 18815 | D:13     | You fall through a shaft!
 18962 | D:13     | Found a gate to the Vaults.
 19063 | D:13     | Received a gift from Trog
 19073 | D:13     | Reached skill level 20 in Polearms
 19683 | D:14     | Received a gift from Trog
 19824 | D:14     | Noticed Nessos
 19836 | D:14     | Killed Nessos
 19920 | D:14     | Found a shimmering altar of Xom.
 19922 | D:14     | Found a shimmering altar of Xom.
 19923 | D:14     | Found a shimmering altar of Xom.
 20031 | D:14     | Received a gift from Trog
 20072 | D:14     | Found a portal to a secret trove of treasure.
 20206 | D:15     | Entered Level 15 of the Dungeon
 20225 | D:15     | Reached skill level 21 in Polearms
 20685 | D:15     | Identified the cursed +0 chain mail of Fixienta {Int+5} (You took it off an orc on level 15 of the Dungeon)
 21214 | D:15     | Found a staircase to the Depths.
 21682 | Lair:3   | Reached XP level 15. HP: 143/143 MP: 16/16
 21699 | Lair:3   | Reached skill level 22 in Polearms
 22368 | Lair:4   | Noticed Nergalle
 22379 | Lair:4   | Killed Nergalle
 22716 | Lair:5   | Noticed Urug
 22762 | Lair:5   | Killed Urug
 22762 | Lair:5   | Received a gift from Trog
 22794 | Lair:5   | Found a viscous altar of Jiyva.
 22795 | Lair:5   | Found a staircase to the Slime Pits.
 23175 | Lair:5   | Reached skill level 23 in Polearms
 23336 | Lair:5   | Noticed Snorg
 23344 | Lair:5   | Killed Snorg
 23641 | Lair:6   | Entered Level 6 of the Lair of Beasts
 24501 | Lair:6   | Received a gift from Trog
 24708 | Lair:6   | Reached skill level 24 in Polearms
 25046 | D:7      | Bought a scroll of blinking for 82 gold pieces
 25046 | D:7      | Bought a scroll of immolation for 38 gold pieces
 25125 | D:11     | Received a gift from Trog
 25234 | Elf:1    | Entered Level 1 of the Elven Halls
 25292 | Elf:1    | Reached XP level 16. HP: 128/151 MP: 14/17
 25836 | Elf:1    | Got a faintly glowing golden amulet
 25837 | Elf:1    | Identified the amulet of Doeqet Ymes {Gourm Str+2 Int+4} (You found it on level 1 of the Elven Halls)
 26134 | Elf:1    | Reached skill level 25 in Polearms
 26301 | Elf:1    | Reached skill level 9 in Dodging
 26796 | Elf:2    | Reached skill level 10 in Dodging
 26924 | Elf:2    | Reached skill level 11 in Dodging
 27101 | Elf:2    | Reached skill level 12 in Dodging
 27157 | Elf:2    | Received a gift from Trog
 27172 | Elf:2    | Reached skill level 13 in Dodging
 27310 | Elf:2    | Found a runed gate.
 27310 | Elf:2    | Found a runed gate.
 27317 | Elf:2    | Found a runed gate.
 27434 | Elf:2    | Reached skill level 14 in Dodging
 27579 | Elf:2    | Reached skill level 15 in Dodging
 27692 | Elf:2    | Reached skill level 7 in Bows
 27726 | Elf:2    | Reached skill level 8 in Bows
 27849 | Elf:2    | Reached skill level 9 in Bows
 27853 | Elf:2    | Reached XP level 17. HP: 106/158 MP: 11/18
 27942 | Elf:2    | Reached skill level 10 in Bows
 28661 | Swamp:1  | Entered Level 1 of the Swamp
 28718 | Swamp:2  | Received a gift from Trog
 28718 | Swamp:2  | Reached skill level 11 in Bows
 28856 | Swamp:2  | Reached skill level 12 in Bows
 29206 | Swamp:4  | Entered Level 4 of the Swamp
 29223 | Swamp:4  | Reached skill level 13 in Bows
 29508 | Swamp:4  | Reached skill level 14 in Bows
 29716 | Swamp:4  | Reached skill level 15 in Bows
 29830 | Swamp:4  | Received a gift from Trog
 29879 | Swamp:4  | Received a gift from Trog
 29908 | Swamp:4  | Reached skill level 16 in Bows
 29956 | Swamp:4  | Reached skill level 16 in Fighting
 30005 | Swamp:4  | Got a decaying rune of Zot
 30215 | Swamp:4  | Reached skill level 17 in Fighting
 30683 | Vaults:1 | Entered Level 1 of the Vaults
 31170 | Vaults:2 | Reached skill level 18 in Fighting
 31175 | Vaults:2 | Received a gift from Trog
 31392 | Vaults:2 | Received a gift from Trog
 31409 | Vaults:2 | Reached skill level 19 in Fighting
 31466 | Vaults:2 | Reached XP level 18. HP: 144/176 MP: 19/19
 31627 | Vaults:2 | Received a gift from Trog
 31785 | Vaults:1 | Reached skill level 20 in Fighting
 32020 | Vaults:2 | Found Dazxoum's Magic Scroll Emporium.
 32037 | Vaults:2 | Bought a scroll of acquirement for 624 gold pieces
 32079 | Vaults:2 | Identified the +5 arbalest of Wyngigg {flame, rF+} (You found it on level 2 of the Vaults)
 32157 | Vaults:2 | Found a staircase to the Crypt.
 32157 | Vaults:2 | Found a basalt altar of Yredelemnul.
 32158 | Vaults:2 | Found an ancient bone altar of Kikubaaqudgha.
 32198 | Crypt:1  | Entered Level 1 of the Crypt
 32461 | Crypt:2  | Identified the Disquisition on the Birds
 32559 | Crypt:1  | Reached skill level 21 in Fighting
 32613 | Crypt:1  | Reached skill level 6 in Armour
 32651 | Crypt:1  | Received a gift from Trog
 32651 | Crypt:1  | Reached skill level 7 in Armour
 32746 | Crypt:1  | Reached skill level 8 in Armour
 32756 | Crypt:1  | Reached skill level 9 in Armour
 32791 | Crypt:1  | Reached skill level 10 in Armour
 32814 | Crypt:1  | Reached skill level 11 in Armour
 32896 | Crypt:1  | Reached skill level 12 in Armour
 33025 | Crypt:1  | Noticed Mara
 33031 | Crypt:1  | Noticed glosham's illusion
 33033 | Crypt:1  | Killed Mara
 33033 | Crypt:1  | Reached skill level 13 in Armour
 33204 | Crypt:2  | Reached skill level 14 in Armour
 33413 | Crypt:2  | Received a gift from Trog
 33457 | Crypt:2  | Reached skill level 15 in Armour
 33954 | Depths:1 | Entered Level 1 of the Depths
 34084 | Depths:1 | Reached skill level 16 in Armour
 34087 | Depths:1 | Reached skill level 2 in Stealth
 34092 | Depths:1 | Reached skill level 3 in Stealth
 34094 | Depths:1 | Reached XP level 19. HP: 149/189 MP: 17/20
 34096 | Depths:1 | Reached skill level 4 in Stealth
 34150 | Depths:1 | Reached skill level 5 in Stealth
 34158 | Depths:1 | Found a magical portal.
 34168 | WizLab   | Entered The Hall of the Hellbinder
 34258 | WizLab   | Reached skill level 6 in Stealth
 34329 | WizLab   | Reached skill level 7 in Stealth
 34351 | WizLab   | Gained mutation: You occasionally shout uncontrollably at your foes. [a cacodemon]
 34362 | WizLab   | Received a gift from Trog
 34372 | WizLab   | Reached skill level 8 in Stealth
 34499 | WizLab   | Noticed Plog
 34499 | WizLab   | Noticed PeterLawrence's ghost (adept MiFi)
 34521 | WizLab   | Killed PeterLawrence's ghost
 34521 | WizLab   | Reached skill level 9 in Stealth
 34527 | WizLab   | Killed Plog the Hellbinder
 34534 | WizLab   | Found a burning altar of Makhleb.
 34543 | WizLab   | Identified Sif Muna's Compendium of the Entourage
 34574 | WizLab   | Identified the Handbook of Illusion
 34670 | Depths:1 | Reached skill level 10 in Stealth
 34680 | Depths:1 | Received a gift from Trog
 34742 | Depths:1 | Reached skill level 11 in Stealth
 34747 | Depths:1 | Received a gift from Trog
 34869 | Depths:1 | Reached skill level 1 in Axes
 34876 | Depths:1 | Reached skill level 3 in Axes
 34908 | Depths:1 | Reached skill level 4 in Axes
 34988 | Depths:1 | Found a gateway to Hell.
 35304 | Depths:3 | Found a one-way gate leading to the halls of Pandemonium.
 35411 | Depths:5 | Entered Level 5 of the Depths
 35554 | Depths:5 | Received a gift from Trog
 36078 | Depths:5 | Noticed a golden dragon
 36091 | Depths:5 | Killed a golden dragon
 36091 | Depths:5 | Reached skill level 17 in Bows
 36091 | Depths:5 | Reached XP level 20. HP: 151/198 MP: 18/21
 36438 | Depths:5 | Noticed a bone dragon
 36459 | Depths:5 | Reached skill level 18 in Bows
 36480 | Depths:5 | Killed a bone dragon
 36484 | Depths:5 | Found a gate to the Realm of Zot.
 36884 | Spider:1 | Entered Level 1 of the Spider Nest
 36954 | Spider:1 | Received a gift from Trog
 37359 | Spider:3 | Noticed Kirke
 37367 | Spider:3 | Killed Kirke
 37452 | Spider:3 | Reached skill level 19 in Bows
 37521 | Spider:3 | Received a gift from Trog
 37664 | Spider:4 | Entered Level 4 of the Spider Nest
 37664 | Spider:4 | Noticed Arachne
 37689 | Spider:4 | Killed Arachne
 37735 | Spider:4 | Noticed Roxanne
 37880 | Spider:4 | Noticed Donald
 37886 | Spider:4 | Killed Donald
 38015 | Spider:4 | Killed Roxanne
 38018 | Spider:4 | Identified Roxanne's Grimoire of the Rocks (You took it off Roxanne on level 4 of the Spider Nest)
 38046 | Spider:4 | Received a gift from Trog
 38050 | Spider:4 | Reached skill level 20 in Bows
 38067 | Spider:4 | Received a gift from Trog
 38193 | Spider:4 | Got a dazzling leather armour
 38194 | Spider:4 | Identified the +5 leather armour of Valiance {Str+2 Int+4 Dex-5} (You found it on level 4 of the Spider Nest)
 38251 | Spider:4 | Reached XP level 21. HP: 204/204 MP: 13/22
 38261 | Spider:4 | Got a gossamer rune of Zot
 38537 | Slime:1  | Entered Level 1 of the Pits of Slime
 38615 | Slime:2  | Reached skill level 26 in Polearms
 38702 | Slime:4  | Received a gift from Trog
 38788 | Slime:5  | Entered Level 5 of the Pits of Slime
 38906 | Slime:5  | Noticed the Royal Jelly
 39085 | Slime:5  | HP: 18/205 [azure jelly[the Royal Jelly] (5)]
 39085 | Slime:5  | HP: 8/205 [azure jelly[the Royal Jelly] (10)]
 39104 | Slime:5  | HP: 4/205 [acid blob/splash of acid (4)]
 39104 | Slime:5  | Splashed by an acid blob's acid

Skill      XL: |  1  2  3  4  5  6  7  8  9 10 11 12 13 14 15 16 17 18 19 20 21 |
---------------+----------------------------------------------------------------+-----
Fighting       | 2 3 4 5 7 8 10 12 15 19 21 | 21.7
Armour         | 5 16 | 16.0
Dodging        | 8 15 | 15.1
Bows           | 2 6 9 16 17 20 | 20.6
Polearms       | 10 15 18 21 24 25 26 | 26.2
Stealth        | 3 11 | 11.7
Axes           | 4 |  4.7
Spellcasting   | |  1.3
Conjurations   | |  2.9

Action                   |  1- 3 |  4- 6 |  7- 9 | 10-12 | 13-15 | 16-18 | 19-21 || total
-------------------------+-------+-------+-------+-------+-------+-------+-------++-------
Melee: Club              |    60 |   181 |   416 |       |       |       |       ||   657
       Unarmed           |     5 |       |       |       |       |       |       ||     5
       Headbutt          |     9 |    31 |    99 |    95 |   204 |   217 |   129 ||   784
       Quarterstaff      |       |       |    48 |    99 |       |       |       ||   147
       Bardiche          |       |       |       |   289 |   972 |  1020 |   564 ||  2845
       Glaive            |       |       |       |       |     7 |       |     5 ||    12
 Fire: Longbow           |       |       |       |    24 |    43 |    75 |   441 ||   583
Throw: Stone             |       |       |     9 |       |       |       |       ||     9
       Tomahawk          |       |       |       |     4 |       |       |       ||     4
 Cast: Magic Dart        |    40 |   103 |    33 |       |       |       |       ||   176
Invok: Burn Spellbooks   |       |       |     2 |     1 |     2 |       |     2 ||     7
       Berserk           |       |       |    12 |    11 |    14 |     1 |     3 ||    41
       Trog's Hand       |       |       |       |     1 |     2 |     3 |     7 ||    13
       Brothers in Arms  |       |       |       |       |       |     4 |     1 ||     5
 Abil: Evoke Invisibilit |       |       |       |       |       |       |     2 ||     2
Evoke: Wand              |       |     4 |    23 |     9 |    10 |     6 |     3 ||    55
  Use: Scroll            |     7 |     7 |     7 |    10 |    13 |    14 |     7 ||    65
       Potion            |       |     4 |     9 |       |       |       |     5 ||    18
 Stab: Paralysed         |       |       |    16 |       |       |       |       ||    16
       Petrified         |       |       |       |     6 |       |       |       ||     6
       Confused          |       |       |       |       |       |     3 |       ||     3
       Sleeping          |       |       |       |       |       |       |     2 ||     2
       Invisible         |       |       |       |       |       |       |    21 ||    21
  Eat: Chunk             |     3 |    11 |    23 |    22 |    43 |    36 |    21 ||   159
       Fruit             |       |       |     6 |     7 |     9 |     2 |     1 ||    25
       Royal jelly       |       |       |     1 |     1 |     2 |       |       ||     4
Armor: Robe              |    12 |    25 |       |       |       |       |       ||    37
       Skin              |       |    48 |    90 |       |       |       |       ||   138
       Ring mail         |       |     1 |    94 |       |       |       |       ||    95
       Chain mail        |       |       |    20 |   133 |   229 |   206 |   113 ||   701
       Acid dragon scale |       |       |       |       |       |       |    37 ||    37
Dodge: Dodged            |    34 |   111 |   261 |   261 |   463 |   429 |   445 ||  2004

Table legend:
 A = Turns spent in this place as a percentage of turns spent in the entire game.
 B = Non-inter-level travel turns spent in this place as a percentage of non-inter-level travel turns spent in the entire game.
 C = Inter-level travel turns spent in this place as a percentage of turns spent in this place.
 D = Turns resting spent in this place as a percentage of non-inter-level travel turns spent in this place.
 E = Turns spent auto-exploring this place as a percentage of non-inter-level travel turns spent in this place.
 F = Non-inter-level travel turns spent in this place divided by the number of levels of this place that you've seen.
                   A       B       C       D       E      F
               +-------+-------+-------+-------+-------+----------------------
         Total | 100.0 | 100.0 |   0.7 |   0.8 |   0.3 | 515.1
       Dungeon |  37.7 |  37.6 |   1.0 |   1.1 |   0.3 | 671.1
        Temple |   0.2 |   0.2 |   1.8 |   7.3 |   1.8 |  55.0
          Lair |  14.0 |  14.0 |   0.6 |   0.9 |   0.3 | 626.8
         Swamp |   5.1 |   5.1 |   0.7 |   0.1 |   0.1 | 338.8
   Spider Nest |   4.7 |   4.8 |   0.4 |   0.0 |   0.0 | 318.8
    Slime Pits |   1.5 |   1.5 |   0.0 |   4.3 |   0.0 |  79.6
  Orcish Mines |   8.4 |   8.4 |   0.7 |   0.8 |   0.3 | 1124.5
   Elven Halls |   7.2 |   7.3 |   0.2 |   1.1 |   0.3 | 971.0
        Vaults |   4.9 |   4.9 |   0.8 |   0.3 |   0.4 | 656.0
         Crypt |   4.4 |   4.4 |   0.3 |   0.0 |   0.2 | 593.0
        Depths |   6.5 |   6.6 |   0.5 |   0.2 |   0.1 | 351.0
     Labyrinth |   0.6 |   0.6 |   0.0 |   0.0 |   0.0 | 168.0
         Sewer |   1.8 |   1.8 |   0.0 |   0.4 |   0.0 | 480.0
        Bailey |   1.4 |   1.4 |   0.0 |   0.5 |   0.0 | 382.0
        Wizlab |   1.5 |   1.5 |   0.0 |   1.0 |   0.0 | 399.0
               +-------+-------+-------+-------+-------+----------------------

Table legend:
 A = Kills in this place as a percentage of kills in entire the game.
 B = Kills by you in this place as a percentage of kills by you in the entire game.
 C = Kills by friends in this place as a percentage of kills by friends in the entire game.
 D = Other kills in this place as a percentage of other kills in the entire game.
 E = Experience gained in this place as a percentage of experience gained in the entire game.
 F = Experience gained in this place divided by the number of levels of this place that you have seen.
                   A       B       C       D       E      F
               +-------+-------+-------+-------+-------+----------------------
         Total | 100.0 | 100.0 | 100.0 |  -nan | 100.0 | 11952.4
       Dungeon |  30.6 |  30.8 |   8.3 |  -nan |  10.8 | 4472.5
          Lair |   8.9 |   8.7 |  41.7 |  -nan |   9.9 | 10266.7
         Swamp |   5.9 |   6.0 |   0.0 |  -nan |   8.1 | 12572.2
   Spider Nest |  11.4 |  11.5 |   0.0 |  -nan |  12.9 | 20012.8
    Slime Pits |   3.1 |   3.1 |   0.0 |  -nan |   4.7 | 5882.8
  Orcish Mines |  11.0 |  11.1 |   0.0 |  -nan |   3.6 | 11214.5
   Elven Halls |   6.7 |   6.4 |  41.7 |  -nan |  11.4 | 35300.0
        Vaults |   5.9 |   5.9 |   0.0 |  -nan |   6.2 | 19123.5
         Crypt |   4.0 |   4.1 |   0.0 |  -nan |   7.9 | 24504.5
        Depths |   7.9 |   8.0 |   0.0 |  -nan |  20.1 | 25039.8
     Labyrinth |   0.2 |   0.2 |   0.0 |  -nan |   0.2 | 1529.0
         Sewer |   1.6 |   1.7 |   0.0 |  -nan |   0.0 | 259.0
        Bailey |   1.5 |   1.5 |   0.0 |  -nan |   0.4 | 2470.0
        Wizlab |   1.3 |   1.2 |   8.3 |  -nan |   3.8 | 23339.0
               +-------+-------+-------+-------+-------+----------------------

Vault maps used:
D:1:      dpeg_arrival_lava_altar, hangedman_decor_lopped
D:2:      minmay_misc_feat_roman, uniq_jessica
D:3:      uniq_crazy_yiuf_cottage
D:4:      cheibrodos_sewer_entry_sluice, first_bread, abandoned_shop, uniq_robin
D:5:      minmay_temple_entry_glassed_door
D:6:      basic_altar
D:7:      serial_shops, shop, kennysheep_mini, nicolae_shop_stone,
          nicolae_shop_temple_entry_statues_fountains,
          nicolae_shop_overgrown_old_shop, kennysheep_generic_room_5,
          uniq_duvessa
D:8:      dpeg_oklobed_lair, serial_shops, shop, grunt_livestock,
          elyvilon_altar_1
D:9:      serial_shops, shop_statue
D:11:     special_room
D:12:     david_orc_3, special_room, uniq_rupert, uniq_frances
D:13:     cheibrodos_magma_flow, david_vaults_2, kennysheep_generic_room_11,
          uniq_maurice, uniq_sonja
D:14:     xom_redecorated, nicolae_trove_entry_free_sample, uniq_nessos
D:15:     grunt_enter_depths_magical_seal, minivault_4, grunt_ministairs_15,
          spider_trap, minivault_1
Temple:   dpeg_three_leaves_temple
Lair:1:   beast_lair_carwin_7
Lair:2:   nicolae_swamp_entry_splash_gauntlet, dummy_spider_entry,
          lab_entry_generic, lemuel_fruit_tree
Lair:4:   minivault_19, minmay_lair_oklob_chamber, uniq_nergalle
Lair:5:   slime_altar_1, beast_lair_carwin_6, uniq_urug, uniq_snorg
Lair:6:   due_jungle_book, wad_woods_river_01
Swamp:1:  serial_swamp_ruin, evilmike_swamp_ruin_house_1,
          evilmike_swamp_ruin_rubble_2, hangedman_swamp_ruin_wall,
          infiniplex_staircase_pool_2
Swamp:2:  cheibrodos_swamp_heart_of_darkness, evilmike_swamp_ruin_wall,
          swamp_pool2
Swamp:3:  evilmike_swamp_ruin_house_6
Swamp:4:  swamp_basic_johnstein
Spider:1: worms_lemuel
Spider:3: uniq_kirke, uniq_asterion
Spider:4: spider_rune_water, uniq_roxanne, uniq_donald, uniq_arachne
Slime:4:  nicolae_slime_round_cave
Orc:1:    minmay_goldmine, enter_bailey_3, basic_altar
Orc:2:    pubby_orc_utopia
Elf:1:    eino_elf_arrival_sip, minmay_elf_crystal_heptagon, grunt_ministairs_2,
          patterned_corridor
Vaults:1: ontoclasm_vaults_hangar, vaults_room_hallway, v_misc_26,
          hangedman_vaults_snaps, ontoclasm_vaults_fault, vaults_room_grid,
          ontoclasm_vaults_ring_large, vaults_dpeg_hooks, v_pattern_5,
          ontoclasm_vaults_ring_square, v_misc_18, ontoclasm_vaults_shuriken,
          v_alt_pattern_4, v_rooms_5, serial_ice_m
Vaults:2: v_misc_26, hangedman_vaults_slice, minmay_crypt_entry_necro_gods,
          hangedman_vaults_stretched_pinwheel, vaults_room_mumra_shop_pool,
          ontoclasm_vaults_ring_large, nicolae_vaults_triangles,
          vaults_room_fancy_cross, nicolae_vaults_yaktaur_gun_rack
Crypt:1:  grunt_megastairs_3, uniq_mara
Depths:1: pf_coc_iceberg, mu_enter_wizlab_5, kennysheep_nub,
          corexii_corridor_pit, kennysheep_kite_vault
Depths:2: kennysheep_funnel, enter_ziggurat_b, serial_shops, statue_bzr, shop,
          nicolae_shop_stone, nicolae_shop_statue_plus, shop, hell_entry,
          minmay_shop_grid_forest
Depths:3: minmay_the_grid_triangle_9x9_recursive_3, hangedman_decor_points,
          hell_entry, grunt_pan_entry_sceptre, hangedman_decor_peaks_small,
          uniq_nikola
Depths:4: vault_1, hell_entry, nrook_mini_vaults, abyss_entry_small_statue_room,
          water_maze_lemuel
Depths:5: grunt_zot_entry_gee_three, serial_sigils_hangedman_confine,
          pf_hell_entry_great_geh
Lab:      labyrinth_mini_lab, nicolae_lab_grate_2, nicolae_lab_very_dead_end,
          nicolae_lab_quarters
Sewer:    sewer_co_tree
Bailey:   bailey_polearm_2, bailey
WizLab:   wizlab_demon
